 Dungeon Crawl Stone Soup version 0.29-a0-322-g68df515428 (webtiles) character file.

Game seed: 13406565731734865623

2 calli0pe the Covered (level 1, -1/20 HPs)
             Began as a Deep Dwarf Fighter on Apr 8, 2022.
             Slain by a worm (5 damage)
             ... on level 2 of the Dungeon.
             The game lasted 00:00:17 (46 turns).

calli0pe the Covered (Deep Dwarf Fighter)             Turns: 46, Time: 00:00:18

Health: -1/20      AC:  6    Str: 19    XL:     1   Next: 25%
Magic:  1/1        EV:  9    Int:  8    God:
Gold:   17         SH:  4    Dex: 12    Spells: 0/0 levels left

rFire   . . .      SeeInvis .   a - +0 war axe
rCold   . . .      Faith    .   c - +0 buckler
rNeg    . . .      Spirit   .   b - +0 scale mail
rPois   .          Reflect  .   (no helmet)
rElec   .          Harm     .   (no cloak)
rCorr   .          Rampage  .   (no gloves)
Will    .....                   (no boots)
Stlth   ..........              (no amulet)
HPRegen 0.00/turn               (no ring)
MPRegen 0.07/turn               (no ring)

@: no status effects
A: damage resistance, heal wounds, sense surroundings 1, no regeneration
a: Heal Wounds


You were on level 2 of the Dungeon.
You visited 1 branch of the dungeon, and saw 2 of its levels.

You collected 17 gold pieces.

Inventory:

Hand Weapons
 a - a +0 war axe (weapon)
Armour
 b - a +0 scale mail (worn)
 c - a +0 buckler (worn)
Potions
 d - a potion of might


   Skills:
 + Level 2.7 Fighting
 + Level 2.2 Axes
 + Level 3.4 Armour
 + Level 3.3 Shields


You couldn't memorise any spells.
You didn't know any spells.
Your spell library was empty.

Dungeon Overview and Level Annotations

Branches:
Dungeon (2/15)

Altars:


Innate Abilities, Weirdness & Mutations

You are resistant to damage.
You can heal yourself by infusing magical energy.
You passively map a small area around you.
You do not regenerate.


Message History

The bat is heavily wounded.
The bat misses you.
You miss the bat.
The bat is heavily wounded.
The bat hits you. You block the bat's attack.
The bat hits you but does no damage. The bat barely misses you.
The bat hits you but does no damage.
You hit the worm.
The worm is lightly wounded.
You miss the bat. The bat barely misses you.
The bat hits you but does no damage. The worm bites you but does no damage.
You hit the worm but do no damage.
The worm is lightly wounded.
You hit the bat. The bat closely misses you. The worm barely misses you.
You slash the worm!
The worm is severely wounded.
The bat barely misses you. The bat hits you but does no damage.
You block the worm's attack.
You barely miss the worm.
The worm is heavily wounded.
You hit the bat.
You kill the bat!
The worm bites you.
A dart slug comes into view.
You barely miss the worm.
The worm is heavily wounded.
The worm bites you! The dart slug launches a dart at you.
The slug dart misses you.
You hit the worm but do no damage.
The worm is heavily wounded.
The dart slug launches a dart at you. The slug dart hits you.
The worm bites you!
* * * LOW HITPOINT WARNING * * *
You slash the worm!
The worm is severely wounded.
The worm bites you.
You die...

.## #.###.... ,
,
....####.#......
#........#* *
#..##...##
.##..##...####
*, ,,, ,
.........<...# ,
, .###....†....#
#.....w.....# *
#..#..#@.(##.#
##,##.#...# .# ,
* #.#...# # *
#....<# ,
#.........#
#.######..# , #.
.# #. # , * * ,
,


You could see a worm.

Vanquished Creatures
  A bat (D:2)
  A frilled lizard (D:2)
2 creatures vanquished.

Notes
Turn   | Place    | Note
-------+----------+-------------------------------------------
     0 | D:1      | calli0pe the Deep Dwarf Fighter began the quest for the
                  | Orb.
     0 | D:1      | Reached XP level 1. HP: 20/20 MP: 1/1
    46 | D:2      | Slain by a worm

Illustrated notes

Levels and vault maps discovered:
D:1:      dpeg_arrival_water_fire, layout_basic,
          ebering_ecumenical_altar_abandoned, chequers_serial_rivers_micro_b
D:2:      layout_loops_ring, serial_shops,
          nicolae_shop_competitors_out_of_business, minmay_joined_circles

Action                   || total
-------------------------++-------
Melee: War axe           ||    12
Armor: Scale mail        ||    14
Dodge: Dodged            ||    13
Block: Buckler           ||     5

Table legend: (Time is in decaauts)
 A = Elapsed time spent in this place.
 B = Non-inter-level travel time spent in this place.
 C = Inter-level travel time spent in this place.
 D = Time resting spent in this place.
 E = Time spent auto-exploring this place.
 F = Levels seen in this place.
 G = Mean time per level.
                   A        B        C        D        E       F      G
               +--------+--------+--------+--------+--------+-----+--------+
         Total |     50 |     50 |      0 |      0 |      0 |   2 |   25.0 |
       Dungeon |     50 |     50 |      0 |      0 |      0 |   2 |   25.0 |
               +--------+--------+--------+--------+--------+-----+--------+

Top non-repeatable levels by time:
     D:2: 44 daAuts
     D:1: 6 daAuts
